 Dungeon Crawl Stone Soup version 0.24.0-123-gd5b16e6ec5 (webtiles) character file.

Game seed: 1828578378181947588, levelgen mode: deterministic

44 Locuples the Sneak (level 3, -1/27 HPs)
             Began as a Demonspawn Assassin on Jan 23, 2020.
             Slain by an orc
             ... wielding a +0 trident
              (4 damage)
             ... on level 2 of the Dungeon.
             The game lasted 00:09:51 (1407 turns).

Locuples the Sneak (Demonspawn Assassin)            Turns: 1407, Time: 00:09:51

Health: -1/27      AC:  4    Str: 11    XL:     3   Next: 41%
Magic:  3/3        EV: 11    Int: 12    God:
Gold:   55         SH:  0    Dex: 15    Spells: 2/2 levels left

rFire    . . .     SeeInvis .   a - +2 dagger
rCold    . . .     Gourm    .   (no shield)
rNeg     . . .     Faith    .   b - +0 robe
rPois    .         Spirit   .   u - +0 helmet
rElec    .         Reflect  .   c - +0 cloak
rCorr    +         Harm     .   (no gloves)
MR       .....                  (no boots)
Stlth    +++.......             (no amulet)
HPRegen  0.09/turn              o - ring of resist corrosion
MPRegen  0.08/turn              (no ring)

@: no status effects
A: powered by death 1
a: no special abilities


You were on level 2 of the Dungeon.
You were hungry.

You visited 1 branch of the dungeon, and saw 2 of its levels.

You collected 55 gold pieces.

Inventory:

Hand Weapons
 a - a +2 dagger (weapon)
Missiles
 d - 8 poisoned darts (quivered)
 e - 2 curare-tipped darts
 r - 6 atropa-tipped darts
Armour
 b - a +0 robe (worn)
 c - a +0 cloak (worn)
 g - a +0 leather armour
 u - a +0 helmet (worn)
Jewellery
 o - a ring of resist corrosion (left hand)
Scrolls
 h - a scroll of amnesia {unknown}
 i - a scroll of identify {unknown}
 j - a scroll of fear {unknown}
 k - a scroll of remove curse {unknown}
 m - a scroll of teleportation {unknown}
Potions
 l - a potion of magic {unknown}
 p - a potion of curing {unknown}
 q - a potion of ambrosia {unknown}
 s - a potion of resistance {unknown}
 t - a potion of invisibility {unknown}
Comestibles
 f - 3 rations


   Skills:
 - Level 2.0 Fighting
 + Level 1.8 Short Blades
 - Level 1.7 Throwing
 - Level 0.8 Dodging
 * Level 4.9 Stealth


You had 2 spell levels left.
You didn't know any spells.
Your spell library was empty.

Dungeon Overview and Level Annotations

Branches:
Dungeon (2/15)

Altars:


Innate Abilities, Weirdness & Mutations

You regenerate a little health from kills.


Message History

You kill the orc!
You hear a shout!
An orc comes into view. It is wielding a +0 trident.
You see here a +0 falchion.
You hit the orc priest but do no damage.
The orc priest barely misses you. The orc misses you.
You hit the orc priest.
The orc priest is lightly wounded.
The orc priest hits you.
The orc hits you from afar with a +0 trident!
The orc priest invokes the aid of Beogh against you.
Pain shoots through your body!
The orc hits you from afar with a +0 trident.
The orc hits you but does no damage.
All of the chunks of flesh in your inventory have rotted away.
The orc priest calls down the wrath of Beogh upon you.
Pain shoots through your body!
* * * LOW HITPOINT WARNING * * *
The orc hits you from afar with a +0 trident.
You die...

.#.##......................#
.#.........................#
..#..................<.....#
.......#.....##...........##
.............###.........(#
.....#....#....##........##
..#.##.#..........o.......#
.##.##.#.##.#.#...o.......#
###[##.#..#.#...@.o.).....#
#.##.##.#.###...........#
#.......#.###...........#
###........###.........##
#........# #........##
#........# ####....##
#........# ##....#
#........# ##...# #........#
#####


You could see an orc priest and 2 orcs.

Vanquished Creatures
  An adder (D:1)
  An ooze (D:1)
  2 dart slugs
  2 orcs
  2 goblins
  5 hobgoblins (D:2)
  A kobold (D:1)
  A ball python (D:1)
  6 bats (D:1)
  A frilled lizard (D:1)
  4 rats
26 creatures vanquished.

Notes
Turn   | Place    | Note
-------+----------+-------------------------------------------
     0 | D:1      | Locuples the Demonspawn Assassin began the quest for the
                  | Orb.
     0 | D:1      | Reached XP level 1. HP: 16/16 MP: 1/1
   100 | D:1      | Reached skill level 4 in Stealth
   207 | D:1      | Gained mutation: You regenerate a little health from kills.
                  | [demonic ancestry]
   207 | D:1      | Reached XP level 2. HP: 22/22 MP: 2/2
   940 | D:2      | Reached XP level 3. HP: 21/27 MP: 3/3
  1407 | D:2      | Slain by an orc

Levels and vault maps discovered:
D:1:      psy_arrival_whirlpool, layout_loops_cross, minmay_pentomino_s4
D:2:      layout_rooms

Skill      XL: |  1 |
---------------+----+-----
Stealth        | 4 |  4.9
Fighting       | |  2.0
Short Blades   | |  1.8
Throwing       | |  1.7
Dodging        | |  0.8

Action                   || total
-------------------------++-------
Melee: Dagger            ||    83
 Stab: Sleeping          ||     5
  Eat: Chunk             ||     1
Armor: Leather armour    ||    28
       Robe              ||     1
Dodge: Dodged            ||    72
